Workbook
Name a: #REF!
Name ＥＡ: '[1]基本 (2)'!$AF$6
Name ＨＥＬＰ: #REF!
Name ko: #REF!
Name NO: '[1]基本 (2)'!$A$5
Name PRINT_AREA_MI: #REF!
Name q: #REF!
Name ｔ: #REF!
Name あ: #REF!
Name あああ: [2]ﾃﾞｰﾀ!$K$3:$K$100
Name い: #REF!
Name いいい: #REF!
Name う: #REF!
Name え: #REF!
Name お: #REF!
Name か: #REF!
Name き: #REF!
Name く: #REF!
Name グループ: #REF!
Name け: #REF!
Name こ: #REF!
Name さ: #REF!
Name し: #REF!
Name す: #REF!
Name せ: #REF!
Name そ: #REF!
Name た: #REF!
Name ち: #REF!
Name つ: #REF!
Name っっっｋ: #REF!
Name て: #REF!
Name と: #REF!
Name な: #REF!
Name に: #REF!
Name ぬ: #REF!
Name ね: #REF!
Name の: #REF!
Name は: #REF!
Name ひ: #REF!
Name ふ: #REF!
Name へ: #REF!
Name ほ: #REF!
Name 一位: #REF!
Name 一位: #REF!
Name 一位: #REF!
Name 一位: #REF!
Name 一位代価: #REF!
Name 一位代価: #REF!
Name 一位代価: #REF!
Name 一位代価: #REF!
Name 一位代価００７: #REF!
Name 一位代価①: #REF!
Name 一位代価①: #REF!
Name 一位代価①: #REF!
Name 一位代価①: #REF!
Name 一位代価２: #REF!
Name 一位代価２: #REF!
Name 一位代価２: #REF!
Name 一位代価２: #REF!
Name 一位代価３: [3]一位!$A:$F

Sheet 公告
AG4: 76
AG5: =AP32 -> 46310
B7: 公 告
Q12: 分任契約担当官 陸上自衛隊武山駐屯地 | AO12: 分任契約担当官 陸上自衛隊武山駐屯地 | AP12: 第４０７会計隊長 | AQ12: 武智 勝則
Q13: 第 ４ ０ ７ 会 計 隊 長 渡邊 竜也 | AO13: 分任契約担当官代理 陸上自衛隊武山駐屯地 | AP13: 第４０７会計隊契約班長 | AQ13: 三木 雄一
Q14: （公印省略）
A15: 一 般 競 争 入 札 に つ い て 、 下 記 の と お り 公 告 す る 。
A18: 1 | C18: 一般競争に付する事項
B19: -1 | C19: 件名等
D20: 品名 | N20: 規格 | AH20: 単位 | AJ20: 数量
D21: 樹木伐採役務（その２） | N21: 仕様書のとおり | AH21: ST | AJ21: 1
N22: 以下余白
AO24: =COUNTA(#REF!,#REF!,#REF!) -> 3
B26: -2 | C26: 履行期間 | F26: =AP33 -> 46356
F27: Cグループ＝令和５年１０月３１日
F28: Dグループ＝令和６年２月２９日
B29: -3 | C29: 履行場所 | F29: 陸上自衛隊武山駐屯地
A31: 2 | C31: 入札参加資格
B32: -1 | D32: 予算決算及び会計令（以下「予決令」という。）第７０条の規定に該当しない者であること。なお、未成年者、被保佐人 | AO32: 公告年月日 | AP32: 46310
C33: 又は被補助人であって、契約締結のために必要な同意を得ている者は、同条中、特別の理由がある場合に該当する。 | AO33: 履行期限 | AP33: 46356 | AQ33: 初日
B34: -2 | D34: 予決令第７１条の規定に該当しない者であること。 | AO34: 履行期限〆 | AP34: 46356 | AQ34: 末日（あれば）
B35: -3 | D35: 令和７・８・９年度の全省庁統一資格において「役務の提供等」の等級がB,C,Dに格付けされ | AO35: 入札日 | AP35: 46332
C36: 関東・甲信越地域の資格を有する者であること。 | AO36: 入札時間 | AP36: 46332.458
B37: -4 | D37: 契約担当官等から指名停止等の措置を受け、現在その期間中の者でないこと。（協力業者を含む） | AO37: 入札参加希望 | AP37: =AP35-1 -> 46331 | AQ37: 入札前日
B38: -5 | D38: 防衛省大臣官房衛生監、防衛政策局長、防衛装備庁長官又は陸上幕僚長から「装備品等及び役務の調達に係る | AO38: 再度入札日 | AP38: =AP35+2 -> 46334 | AQ38: ３～４日後同時刻
C39: 指名停止等の要領」に基づく指名停止の措置を受けている期間中の者でないこと。 | AO39: 郵便入札 | AP39: =AP37 -> 46331 | AQ39: 前日か当日
B40: -6 | D40: 前号により現に指名停止を受けている者と資本関係又は人的関係のある者であって、当該者と同種の物品の売買 | AO40: 郵便締切時間 | AP40: 0.70833333
C41: 又は製造若しくは役務請負について防衛省と契約を行おうとする者でないこと。 | AO41: 入札会場 | AP41: 北１号隊舎 ２階 談話室
B42: -7 | D42: 原則、現に指名停止を受けている者の下請負については認めない。ただし、真にやむを得ない事由を該当する省 | AO42: 北１号隊舎 ２階 談話室 | AP42: 陸上自衛隊 武山駐屯地 北１号隊舎 ２階 談話室
C43: 指名停止権者が認めた場合には、この限りではない。 | AO43: 諸隊教場 | AP43: 陸上自衛隊 武山駐屯地 諸隊教場 （北１号隊舎１階）
AO44: カウンセリング室 | AP44: 陸上自衛隊 武山駐屯地 カウンセリング室 （北１号隊舎４階）
A45: ３ | C45: 契約条項を示す場所 | AO45: 落札決定方法 | AP45: 総品目総額による。 | AQ45: 総品目総額による。
C46: 陸上自衛隊 武山駐屯地 第４０７会計隊 契約班 | AO46: 0.41666667 | AP46: 0.70833333 | AQ46: グループ別総額による。
C47: 東部方面会計隊ウェブサイト（httpｓ://www.mod.go.jp/gsdf/eae/kaikei/eafin/index.html) | AQ47: 品目別総額による。
A50: 4 | C50: 入札日時及び場所
B51: -1 | D51: 日時 | L51: =AP35 -> 46332 | P51: =L51 -> 46332 | Q51: =AP36 -> 46332.458 | T51: =TEXT(WEEKDAY(L51),"（AAA）") -> (金) | V51: 0.4375 | AO51: 陸上自衛隊 武山駐屯地 第４０２教場 （北１号隊舎４階） | AP51: （北１号隊舎1階）
B52: -2 | D52: 会場 | L52: =VLOOKUP(AP41,AO42:AP44,2,FALSE) -> 陸上自衛隊 武山駐屯地 北１号隊舎 ２階 談話室 | U52: 第402教場 | AB52: =VLOOKUP(U52,AO50:AP53,2,FALSE) -> #N/A | AO52: 陸上自衛隊 武山駐屯地 諸隊教場 （北１号隊舎１階） | AP52: （北１号隊舎1階）
AO53: 北１号隊舎 ２階 談話室 | AP53: （北１号隊舎4階）
A54: ５ | C54: 保証金等に関する事項 | AP54: （北１号隊舎3階）
B55: -1 | D55: 入札保証金 | J55: ： | K55: 免除とする。ただし落札者が「入札及び契約心得」に従って契約の締結手続きをしない場合には、
K56: 落札者が契約締結に応じないものとみなし、落札金額の１００分の５に相当する金額を違約金として
K57: 徴収する。 | AO57: 入札金額は消費税抜き価格とし、当隊所定の予定価格の範囲内で最低入札者を落札者とする。
B58: -2 | D58: 契約保証金 | J58: ： | K58: 免除とする。ただし契約者が契約を履行しない場合、落札金額の10/100に相当する金額以上を | AO58: 入札金額は税込み価格とし、当隊所定の予定価格の範囲内で最低入札者を落札者とする。
K59: 違約金として徴収する。
B60: -3 | D60: 遅延賠償 | J60: ： | K60: 遅延部分１日につき、落札金額の1/1000に相当する金額以上を徴収する。
A62: ６ | C62: 入札の無効
B63: -1 | D63: 第２項に示す競争入札に参加する資格のない者が行った入札。
B64: -2 | D64: 電報、電話、メール等による入札。
B65: -3 | D65: 郵便等による入札で、会計隊又は業務隊総務科に下記期限までに未着のもの | AO65: 「物品の製造」の等級がＢ・Ｃ・Ｄの者
B66: -4 | D66: 入札書に記名がない場合又は品名、数量金額等が不明の場合若しくは 入札書に記載した金額が訂正されている場合
B67: -5 | D67: 入札書の金額数字が不鮮明な場合 | AO67: 「役務の提供等」の等級がＤ以上の者
B68: -6 | D68: 同一の入札について２通以上の入札書を提出した場合
B69: -7 | D69: 二重代理による入札を行った場合
B70: -8 | D70: 委任状を持参しない代理人が入札を行った場合
B71: -9 | D71: その他入札に関する条件に違反した場合。
A73: ７ | C73: 落札決定方法
B74: -1 | D74: =AP45 -> 総品目総額による。
B75: -2 | D75: 入札金額は消費税抜き価格とし、当隊所定の予定価格の範囲内で最低入札者を落札者とする。 | AO75: 「物品の製造」又は「役務の提供等」の等級がＤ以上の者
B76: -3 | D76: 落札者となるべき最低入札者が２人以上ある場合は、くじ引きにより落札者を決定する。
B77: -4 | D77: １回の入札で落札決定できない場合は、直ちに再度入札を実施する場合がある。細部については、別示する。
B78: -5 | D78: 落札金額は、入札書に記載された金額に消費税額を加えた金額を落札金額（当該金額に１円未満の端数があるときは、その端数
D79: を切り捨てた金額）とする。
A81: 8 | C81: 契約書等の作成
B82: -1 | D82: 落札者は落札決定後遅滞なく「陸上自衛隊標準契約書」の様式により契約書を作成し、提出するものとする。
D83: 尚、契約金額が１００万円以上の場合は請書を、２５０万円以上の場合は契約書を作成する。
B84: -2 | D84: 適用条項
D85: 「役務請負契約条項」
D86: 「談合等の不正行為に関する特約条項」
D87: 「暴力団排除に関する特約条項」
A89: 9 | C89: その他
B90: -1 | D90: 入札参加希望者は第２項（３）に示す資格審査結果通知書（写）を | O90: =AP37 -> 46331 | R90: までに本件担当者に郵送・メールにより提出すること。
B91: -2 | D91: 入札書には、「公告に対して「入札及び契約心得」及び「標準契約書等」の契約条項等を承諾のうえ入札いたします。また、
D92: 当社（私（個人の場合）、当団体（団体の場合））は「入札及び契約心得」に示された暴力団排除に関する誓約事項
D93: について誓約いたします。」を記入するものとする。
B94: -3 | D94: 仕様書等の入札関係書類は、下記の連絡先にて配布する。
B95: -4 | D95: 第2項（3）に示す資格審査結果通知書（写）は、令和８年11月5日(木）17時00分までに提出すること
B96: -5 | D96: 市価調査にご協力いただける場合は、 | L96: =AP37 -> 46331 | O96: １２時 | P96: までに提出してください。（メール可）
B97: -6 | D97: 入札者が代表者の代理の時は、入札時に委任状を提出すること。
B98: -7 | D98: 本件入札においては郵便入札を可とする。
D99: 入札状況によっては再度入札を行わない場合がある。
D100: 初度入札で郵便による入札参加者があった場合の再度入札の時期は、次のとおりとする。
C101: ア | D101: 日 時： 別示する。
C102: イ | D102: 場 所： 神奈川県横須賀市御幸浜１－１ | L102: =L52 -> 陸上自衛隊 武山駐屯地 北１号隊舎 ２階 談話室
B103: -8 | D103: 郵便入札により参加する場合は | K103: =AP39 -> 46331 | O103: =AP40 -> 0.70833333 | Q103: までを期限とし、封筒に会社名、入札日時、件名及び入札書
D104: 在中と朱書きにより明記して郵送し、発送者の責により到着の確認をすること。
B105: -9 | D105: 本件事項に関する問い合わせ先
D106: 連絡先： | J106: 〒238-0317 神奈川県横須賀市御幸浜1-1 陸上自衛隊 武山駐屯地
J107: 入札に関する問い合わせ 第４０７会計隊 契約班 担当 村上 | T107: 飯田 | V107: 電話：０４６－８５６－１２９１（内線３４８）
J108: 仕様書に関する問い合わせ 業務隊管理科 担当 東海林 | T108: 飯田 | V108: 電話：０４６－８５６－１２９１（内線５９７）
J109: ※メールでご対応いただけますと幸いです。メールをご利用の際は、上記番号にご連絡をお願いいたします。

Sheet 入札書
C1: 入 札 書
B4: ￥ | F4: (税抜き）
B6: 品名 | C6: 規格 | D6: 単位 | E6: 数量 | F6: 単価 | G6: 金額 | H6: 備考
B7: =公告!D21&"" -> 樹木伐採役務（その２） | C7: =公告!N21&"" -> 仕様書のとおり | D7: =公告!AH21&"" -> ST | E7: =公告!AJ21&"" -> 1
B8: =公告!D22&"" | C8: =公告!N22&"" -> 以下余白 | D8: =公告!AH22&"" | E8: =公告!AJ22&""
B9: =公告!D23&"" | C9: =公告!N23&"" | D9: =公告!AH23&"" | E9: =公告!AJ23&""
B10: =公告!D24&"" | C10: =公告!N24&"" | D10: =公告!AH24&"" | E10: =公告!AJ24&""
B17: 合計
B18: 履行期限 | C18: =公告!F26 -> 46356 | E18: 履行場所 | G18: =公告!F29 -> 陸上自衛隊武山駐屯地
B19: 入札（見積）有効期間
B20: 公告に対して「入札及び契約心得」及び「標準契約書等」の契約条項を承諾のうえ入札いたします。また、当社（私（個人の場合）、当団体（団体の場合））は「入札及び契約心得」に示された暴力団排除に関する契約事項について誓約いたします。
B22: =公告!L51 -> 46332
B24: 分任契約担当官
B25: 陸上自衛隊武山駐屯地 | D25: 住所
B26: 第４０７会計隊長 渡邊 竜也 殿 | D26: 会社名
D27: 代表者役職・氏名
D28: 担当者
D29: 連絡先
D85: 「役務請負契約条項」

Sheet 市価調査票
A2: 市価調査票
A4: № | B4: 品 名 | C4: 規 格 | D4: 単位 | E4: 数量 | F4: 単価 | G4: 金額 | H4: 備考
A5: =IF(D5="","",ROW(D5)-4) -> 1 | B5: =入札書!B7&"" -> 樹木伐採役務（その２） | C5: 下記内訳のとおり | D5: =入札書!D7&"" -> ST | H5: 下記合計
A6: =IF(D6="","",ROW(D6)-4) -> 2 | B6: 伐採人件費 | C6: （内訳） | D6: PS
A7: =IF(D7="","",ROW(D7)-4) -> 3 | B7: 廃棄代 | C7: （内訳） | D7: ST
A8: =IF(D8="","",ROW(D8)-4) -> 4 | B8: 重機代金 | C8: （内訳） | D8: ST
A9: =IF(D9="","",ROW(D9)-4) -> 5 | B9: 諸経費 | C9: （内訳） | D9: ST
A10: =IF(D10="","",ROW(D10)-4) | B10: その他 | C10: （内訳）
A11: =IF(D11="","",ROW(D11)-4) | B11: =入札書!B13&""
A12: =IF(D12="","",ROW(D12)-4) | B12: =入札書!B14&""
A13: =IF(D13="","",ROW(D13)-4) | B13: =入札書!B15&""
B14: 合 計
A15: ***製品情報*** | C15: 製品の特性、流通形態に応じた金額の記載を願います。
C16: 単価、金額について、税抜き金額で記載をお願いします。
C17: 単価は搬入・組立て費込みの価格でお願いします。
A18: 令和 年 月 日
C19: 住 所
C20: 会 社 名
C21: 代表者氏名
B22: =公告!AP35-1 -> 46331 | C22: １２時までご提出お願いいたします（メール可）
D85: 「役務請負契約条項」
